Map: Honorgrounds LE

Players

Musumeci - Winner!

  • Race: Zerg Zerg
  • League: Diamond
  • Spawn Location: 11:00

Iocus

  • Race: Terran Terran
  • League: Diamond
  • Spawn Location: 7:00

VOD

Have the link to the VOD?

Description

Time

  • Played on: Feb. 15, 2017, 4:23 a.m.
  • Length: 31:50
Show
View Real Time Build Order
Export as new Build Order

Musumeci Zerg - Winner!

Build Orders: Hatch First 

Get SALT Encoding   

  12  0:01  Drone  
  13  0:10  Drone  
  14  0:15  Extractor  
  14  0:16  Drone  
  15  0:41  Hatchery  
  14  0:52  Drone, Extractor  
  15  1:04  Spawning Pool  
  14  1:17  Extractor  
  14  1:18  Drone  
  14  1:20  Drone, Extractor  
  14  1:22  Overlord  
  16  1:42  Drone x2  
  18  1:52  Queen  
  18  1:53  Queen  
  22  1:59  Extractor  
  21  2:06  Drone x2  
  21  2:08  Drone  
  24  2:09  Drone  
  24  2:14  Overlord  
  25  2:17  Drone  
  27  2:23  Drone  
  28  2:32  Queen  
  30  2:42  Extractor  
  29  2:47  Drone  
  29  2:48  Queen  
  29  2:49  Overlord  
  33  2:54  Drone x3  
  36  3:05  Drone  
  36  3:09  Drone x3  
  36  3:10  Drone  
  40  3:23  Drone  
  40  3:24  Drone x3  
  44  3:27  Extractor  
  44  3:29  Drone x2, Extractor  
  44  3:30  Roach Warren  
  43  3:49  Hatchery  
  43  3:52  Drone x2  
  43  3:53  Overlord  
  44  3:56  Overlord  
  44  3:58  Overlord  
  44  4:11  Evolution Chamber  
  44  4:12  Evolution Chamber  
  42  4:31  Roach x5  
  48  4:32  Roach  
  54  4:38  Lair  
  54  4:40  Drone x3, Extractor  
  54  4:41  Overlord  
  54  4:43  Drone  
  54  4:44  Drone  
  58  4:48  Extractor  
  57  5:36  Drone x2  
  57  5:37  Drone x14  
  73  5:46  Glial Reconstitution  
  73  5:50  Spore Crawler  
  73  5:52  Drone x3, Spore Crawler  
  73  5:53  Drone, Spore Crawler  
  73  5:55  Spore Crawler  
  73  5:57  Drone x3  
  76  6:10  Overseer  
  76  6:18  Drone x2, Extractor  
  76  6:19  Drone, Extractor  
  76  6:20  Drone x3  
  76  6:21  Drone x2  
  76  6:22  Overlord  
  76  6:23  Overlord x2  
  76  6:24  Zerg Ground Armor Level 1, Zerg Missile Weapons Level 1  
  82  6:47  Ravager  
  82  6:48  Ravager x5  
  82  6:49  Roach x8  
  82  6:50  Roach  
  106  6:58  Overseer  
  106  7:06  Overseer  
  106  7:10  Overseer  
  106  7:15  Overlord  
  106  7:16  Overlord x5  
  106  7:32  Extractor  
  106  7:33  Hatchery  
  106  7:34  Extractor  
  93  7:58  Drone  
  93  7:59  Drone x4  
  93  8:01  Drone x11  
  93  8:02  Drone  
  111  8:05  Ravager x3  
  111  8:06  Ravager  
  114  8:20  Roach  
  114  8:21  Roach x4  
  124  8:41  Roach x11  
  128  8:42  Roach x2  
  128  8:43  Ravager  
  128  8:44  Ravager x3  
  154  9:10  Ravager x5  
  154  9:12  Zerg Missile Weapons Level 2, Zerg Ground Armor Level 2  
  154  9:16  Drone  
  160  9:19  Overlord x2  
  160  9:20  Overlord x3  
  160  9:48  Ravager x2  
  160  9:49  Ravager x7  
  160  9:50  Roach x14  
  197  10:09  Roach  
  175  10:59  Roach x11  
  175  11:00  Roach  
  199  11:14  Spore Crawler  
  192  11:53  Roach x5  
  192  11:54  Roach x2  
  186  12:12  Roach x5  
  186  12:13  Roach x9  
  177  12:24  Infestation Pit  
  177  12:25  Ravager  
  177  12:26  Ravager x2  
  177  12:27  Ravager x7  
  183  12:42  Ravager x10  
  183  12:43  Ravager x4  
  175  12:44  Roach x9  
  191  13:02  Overlord  
  191  13:03  Overlord x2  
  170  13:56  Spore Crawler  
  170  13:57  Spore Crawler  
  170  13:58  Spine Crawler  
  170  14:00  Spine Crawler  
  170  14:01  Spine Crawler  
  165  14:03  Spine Crawler  
  164  14:15  Hive  
  164  14:28  Roach x3  
  164  14:29  Roach x15  
  185  15:01  Ravager  
  185  15:02  Ravager x7  
  185  15:03  Ravager x2  
  165  15:20  Roach x18  
  198  15:28  Zerg Missile Weapons Level 3, Zerg Ground Armor Level 3  
  198  15:35  Ravager x2  
  185  15:43  Ravager x2  
  185  15:44  Ravager x4  
  185  15:45  Roach x9  
  197  16:00  Roach  
  197  16:01  Roach x8  
  158  16:13  Roach  
  158  16:14  Roach x8  
  158  16:16  Ravager x13  
  171  16:33  Roach x11  
  171  16:39  Roach  
  178  16:40  Roach x3  
  165  16:59  Ravager x5  
  170  17:02  Roach  
  170  17:03  Roach x13  
  180  17:29  Ravager x6  
  188  17:30  Ravager x4  
  188  17:43  Extractor  
  187  17:45  Hatchery, Extractor  
  187  17:48  Ravager x3  
  188  17:56  Extractor  
  187  18:29  Roach  
  187  18:30  Roach x5  
  181  19:02  Extractor  
  180  19:07  Hatchery  
  180  19:09  Extractor  
  178  19:13  Drone  
  178  19:14  Drone x3  
  178  19:15  Drone x2  
  181  20:08  Ravager x2  
  181  20:11  Ravager  
  182  20:30  Spine Crawler  
  182  20:31  Spore Crawler  
  182  20:33  Spore Crawler  
  182  20:34  Spine Crawler  
  178  20:36  Spine Crawler  
  178  20:37  Spine Crawler  
  143  21:04  Ravager  
  143  21:05  Ravager x5  
  130  21:18  Roach x6  
  130  21:19  Roach x22  
  165  21:48  Ravager x16  
  165  21:49  Ravager  
  165  21:50  Roach x5  
  165  21:51  Roach x4  
  170  22:13  Hatchery  
  165  22:59  Hatchery  
  165  23:00  Extractor  
  165  23:03  Extractor  
  160  23:16  Roach x17  
  160  23:17  Roach  
  169  23:31  Spine Crawler  
  169  23:32  Spine Crawler  
  169  23:33  Spine Crawler  
  165  23:35  Spine Crawler  
  165  23:37  Spine Crawler  
  146  23:42  Spine Crawler  
  111  24:27  Roach x13  
  119  24:57  Zergling x40  
  119  24:58  Zergling x12  
  145  25:00  Metabolic Boost  
  124  25:34  Roach x6  
  124  25:35  Roach x15  
  157  25:57  Ravager  
  157  25:58  Ravager x2  
  158  26:39  Ravager x6  
  162  26:46  Hatchery  
  136  27:01  Zergling x2  
  136  27:02  Zergling x38  
  147  27:12  Roach  
  147  27:13  Roach x2  
  147  27:15  Drone  
  128  27:59  Zergling x2  
  128  28:00  Zergling x30  
  127  28:27  Roach x12  
  149  28:42  Zerg Melee Weapons Level 1  
  149  28:57  Hatchery  
  149  29:00  Hatchery  
  146  29:05  Zergling x2  
  146  29:06  Zergling x32  
  146  29:08  Hatchery  
  157  29:10  Hatchery  
  157  29:11  Ravager x5  
  157  29:12  Ravager x5  
  149  30:09  Zergling x46  
  149  30:10  Zergling x6  
  162  30:32  Zergling x18  
  162  30:33  Zergling x18  
  139  30:49  Zergling x16  
  150  30:50  Zergling x10  
  151  31:10  Roach x3  
  151  31:11  Roach x4  
  163  31:12  Ravager  
  163  31:13  Ravager x8  
Show
View Real Time Build Order
Export as new Build Order

Iocus Terran 

Build Orders: Reaper Expand, MMM Bio 

Get SALT Encoding   

  12  0:02  SCV  
  13  0:14  SCV  
  13  0:18  Supply Depot  
  14  0:26  SCV  
  15  0:40  SCV, Barracks  
  16  0:46  Refinery  
  16  0:52  SCV  
  17  1:04  SCV  
  18  1:16  SCV  
  19  1:29  Orbital Command, Reaper  
  20  1:50  Command Center  
  20  1:59  Supply Depot  
  20  2:00  SCV  
  21  2:18  Factory  
  21  2:19  SCV  
  21  2:20  Marine  
  22  2:56  Barracks Reactor, SCV  
  23  3:08  SCV  
  23  3:09  Command Center  
  24  3:18  Orbital Command  
  24  3:20  SCV  
  25  3:32  SCV  
  26  3:43  Hellion x2, Barracks Tech Lab  
  26  3:44  SCV x2  
  32  3:49  Supply Depot  
  32  3:56  SCV  
  32  3:57  SCV  
  32  4:02  Marine  
  35  4:04  Hellion x2  
  35  4:08  SCV  
  35  4:09  SCV  
  41  4:19  Barracks  
  41  4:22  Marauder  
  41  4:23  Barracks, Stimpack  
  42  4:25  Orbital Command  
  42  4:28  SCV x2  
  44  4:31  Refinery  
  44  4:32  Refinery  
  44  4:34  Supply Depot  
  44  4:35  Widow Mine x2  
  48  4:45  Marauder  
  50  4:48  SCV x2  
  50  4:52  Refinery  
  52  4:56  SCV  
  52  4:57  Supply Depot  
  53  5:00  SCV x2  
  55  5:08  Barracks Reactor, SCV  
  55  5:12  Barracks Reactor, Starport  
  56  5:17  SCV x2  
  56  5:20  Engineering Bay  
  58  5:25  SCV  
  57  5:29  SCV  
  56  5:37  Orbital Command, SCV, Widow Mine  
  56  5:38  Widow Mine  
  56  5:39  Marauder  
  63  5:48  Supply Depot  
  63  5:49  Terran Infantry Weapons Level 1, Starport Reactor  
  63  5:55  SCV x2  
  63  5:56  Barracks  
  65  6:07  SCV  
  65  6:10  Marauder, Marine x3, Supply Depot  
  71  6:18  SCV x2  
  73  6:19  SCV  
  74  6:26  Medivac x2  
  74  6:30  SCV x2  
  74  6:31  SCV  
  74  6:32  Marauder  
  83  6:36  Combat Shields  
  83  6:41  Factory Tech Lab, Supply Depot  
  83  6:42  SCV x2  
  83  6:47  Engineering Bay  
  85  6:49  SCV  
  85  6:50  Barracks Tech Lab  
  85  6:52  Marine  
  85  6:53  Marauder, Marine x2  
  91  7:03  Supply Depot  
  91  7:14  Marauder  
  91  7:15  Armory, Marine x4  
  95  7:16  Medivac  
  95  7:17  Medivac  
  95  7:18  SCV x3  
  95  7:20  Refinery x2  
  104  7:34  Marine x3  
  104  7:35  Marine  
  104  7:36  Marauder, Liberator, Siege Tank  
  106  7:46  Medivac  
  106  7:48  SCV x2  
  98  7:52  Marine  
  98  7:57  Marauder  
  104  8:03  SCV x2  
  106  8:08  Siege Tank  
  106  8:09  Marine x3  
  106  8:10  Marine  
  106  8:12  SCV  
  114  8:15  SCV x2  
  116  8:21  Terran Infantry Armor Level 1  
  116  8:24  SCV  
  117  8:27  Barracks  
  117  8:32  Factory  
  117  8:52  Concussive Shells  
  117  9:02  Supply Depot  
  117  9:05  Supply Depot  
  117  9:06  Liberator x2  
  117  9:07  Supply Depot  
  117  9:08  Supply Depot x2  
  117  9:10  Supply Depot  
  117  9:11  Terran Infantry Weapons Level 2, Command Center  
  117  9:14  Missile Turret  
  117  9:16  Barracks Tech Lab  
  117  9:19  Ghost Academy  
  117  9:21  Missile Turret  
  125  9:24  Marauder  
  125  9:26  Marine x4, Siege Tank  
  125  9:31  SCV x3  
  135  9:38  Marine  
  135  9:39  Missile Turret  
  135  9:40  Factory Tech Lab  
  135  9:44  Marine x4  
  142  9:45  Marauder  
  142  9:49  Liberator x2  
  142  9:57  Marauder, Starport  
  152  10:07  Marauder  
  152  10:18  Marauder  
  154  10:23  Unknown  
  155  10:28  Marauder  
  155  10:32  Liberator x2  
  155  10:34  Terran Ship Weapons Level 1  
  155  10:35  Fusion Core  
  155  10:39  Marauder  
  155  10:40  Marine x3  
  155  10:41  Marine  
  155  10:42  Siege Tank x2  
  167  10:50  Marauder  
  167  11:01  Marauder  
  169  11:09  Starport Tech Lab  
  169  11:11  Marauder  
  171  11:15  Liberator x2  
  171  11:19  Siege Tank x2  
  171  11:22  Marauder  
  171  11:30  Sensor Tower  
  177  11:35  Supply Depot  
  177  11:40  Planetary Fortress  
  172  11:51  Siege Tank  
  171  11:58  Supply Depot  
  162  12:02  Marine x4  
  162  12:03  Marauder x2  
  144  12:18  Medivac  
  144  12:19  Medivac x2  
  144  12:20  Marine x4  
  144  12:21  Supply Depot  
  147  12:24  Marauder x2  
  151  12:30  Refinery x2  
  151  12:36  Terran Ship Weapons Level 2  
  151  12:37  Marine  
  151  12:40  Command Center  
  141  12:45  Marauder x2  
  141  12:48  Medivac  
  147  12:57  Starport, Terran Infantry Armor Level 2  
  147  13:03  Weapon Refit  
  147  13:05  Personal Cloaking, Siege Tank  
  147  13:07  Marauder x2  
  147  13:09  Marine x4  
  158  13:24  Refinery  
  158  13:26  Refinery, Marine  
  159  13:27  Marine x3  
  159  13:28  Marauder, Marine  
  165  13:39  Command Center  
  165  13:40  Terran Infantry Weapons Level 3  
  165  13:41  Siege Tank x2  
  169  13:44  Marine  
  169  13:45  Marine x4  
  172  13:49  Marine  
  172  13:55  Sensor Tower  
  173  14:02  Marine  
  174  14:09  Planetary Fortress  
  174  14:14  Missile Turret  
  174  14:21  Liberator x2  
  174  14:28  Marauder x2, Marine x4  
  182  14:36  Siege Tank x2  
  188  14:38  Medivac x2  
  188  14:39  Medivac  
  197  14:45  Marine  
  197  14:46  Marine x2  
  176  15:15  Marauder x2, Marine x4  
  184  15:32  Marine  
  185  15:37  Marauder x2  
  182  15:46  Marine x2  
  182  15:47  Marine, Siege Tank x2  
  182  15:48  Medivac  
  182  15:49  Medivac x2  
  179  15:58  Marauder x2  
  145  16:18  Marine x2  
  145  16:19  Marauder, Marine x2  
  145  16:20  Marauder  
  147  16:34  Siege Tank x2  
  147  16:36  Marine x2  
  147  16:37  Marine x2  
  127  16:41  Marauder x2, Liberator x2  
  127  16:42  Liberator x3  
  110  16:50  Command Center  
  123  17:02  Marauder x2, Command Center  
  123  17:06  Marine x3, Siege Tank  
  123  17:07  Marine  
  99  17:24  Marauder x2, Marine x4, Siege Tank  
  109  17:38  Siege Tank  
  109  17:41  Marine  
  109  17:42  Marine x2  
  115  17:45  Marauder x2  
  115  17:50  Advanced Ballistics  
  104  17:51  Orbital Command  
  104  17:54  Marine  
  104  17:56  Siege Tank  
  108  17:59  Marine  
  108  18:00  Marine  
  110  18:06  Marauder x2  
  108  18:28  Marauder x2  
  107  18:37  Marine x2  
  107  18:38  Marine  
  90  18:42  Command Center  
  90  18:45  Liberator, Marine  
  91  18:49  Marauder x2  
  91  18:53  Planetary Fortress, SCV x2  
  91  18:55  Marine  
  97  18:57  Refinery  
  97  18:58  Marine  
  97  18:59  Siege Tank  
  97  19:00  Siege Tank  
  97  19:02  Medivac x2  
  112  19:10  Marauder  
  112  19:11  Marauder  
  116  19:25  Refinery  
  116  19:27  Refinery  
  115  19:31  Siege Tank  
  115  19:32  Marauder x2, Siege Tank  
  115  19:36  SCV  
  126  19:45  SCV x3  
  115  19:48  SCV  
  116  19:53  Marauder x2  
  116  19:54  Marine x3  
  116  19:55  Marine  
  116  19:58  SCV x2  
  126  20:00  SCV  
  127  20:12  SCV, Marine  
  125  20:15  Marauder x2  
  128  20:24  SCV  
  114  20:36  Marauder x2  
  118  20:44  SCV  
  118  20:46  Refinery  
  118  20:47  Refinery  
  119  20:52  Liberator  
  119  20:56  SCV  
  113  20:57  Marauder  
  113  21:02  Marine, Command Center  
  113  21:03  Marauder, Marine x3  
  117  21:08  SCV  
  115  21:19  Marauder  
  115  21:20  SCV, Marine x2  
  115  21:21  Siege Tank  
  115  21:24  Marauder  
  122  21:27  Marine x2  
  124  21:33  SCV  
  124  21:38  Marine  
  126  21:40  Marauder  
  126  21:45  SCV, Marine x3  
  126  21:46  Marauder  
  126  21:55  Siege Tank x2  
  126  21:56  Marine  
  126  21:57  SCV  
  114  22:02  Marauder, Marine  
  114  22:03  Marine  
  114  22:07  Marauder  
  111  22:11  Liberator  
  111  22:12  Liberator x2  
  111  22:14  Marine x2  
  113  22:20  Marine x2  
  115  22:23  Marauder  
  115  22:28  Terran Infantry Armor Level 3  
  115  22:29  Marauder  
  126  22:31  Marine  
  126  22:32  Marine  
  116  22:38  Marine  
  116  22:39  Siege Tank  
  120  22:44  Marauder  
  120  22:48  Refinery  
  120  22:50  Marauder  
  123  22:55  Siege Tank  
  113  23:06  Marauder  
  113  23:11  Marauder  
  115  23:18  Marine x4  
  108  23:27  Marauder  
  108  23:33  Marauder  
  112  23:36  Marine x3  
  115  23:42  Siege Tank x2  
  119  23:48  Marauder  
  119  23:49  Command Center  
  119  23:54  Marauder  
  123  23:58  Command Center  
  123  24:00  Planetary Fortress  
  80  24:10  Marauder, SCV  
  80  24:11  SCV x2  
  80  24:12  Marine x2  
  80  24:16  Marauder  
  85  24:20  Medivac  
  85  24:23  SCV x3  
  80  24:31  Marauder  
  80  24:37  Marauder  
  82  24:46  Siege Tank  
  90  24:53  Marauder  
  83  25:08  Siege Tank  
  81  25:14  Marine x2  
  81  25:15  Marauder x2  
  81  25:17  Medivac  
  81  25:20  SCV x3  
  92  25:24  SCV x3  
  95  25:32  SCV x2  
  95  25:35  Marine x2  
  89  25:36  Marauder x2, Marine  
  96  25:43  SCV x2  
  98  25:56  Marine  
  98  25:57  Marauder, Marine x3  
  99  25:58  Marauder  
  106  26:14  Marine x2  
  106  26:15  Planetary Fortress, Marine  
  106  26:19  Marauder x2  
  106  26:22  Marine  
  104  26:32  Marine x2, Siege Tank x2  
  102  26:33  Marine  
  102  26:40  Marauder x2, Marine  
  75  27:02  Marauder x2  
  76  27:10  SCV x4  
  74  27:22  SCV x4  
  78  27:25  Marine  
  79  27:34  SCV x2  
  81  27:46  Marine x2  
  81  27:47  Marauder x2  
  65  28:31  Marauder x2  
  70  28:51  Marine  
  70  28:52  Marauder, Marine x2  
  73  28:59  Siege Tank  
  73  29:00  Siege Tank  
  77  29:09  Marine x3  
  76  29:14  Marauder  
  78  29:18  SCV x3  
  81  29:27  Marine x2  
  84  29:34  Marine  
  61  29:52  Marine  
  61  29:53  Marauder, Marine x2  
  66  30:07  Orbital Command  
  66  30:14  Marauder  
  68  30:22  Marine  
  10  31:12  Marauder, Marine x2  
  10  31:18  Medivac  
  16  31:31  SCV  
Tags
 
Add a new tag
Caveats
  • Supply blocks, unpowered buildings, or Contaminate may cause inaccurate times.
  • Supply counts are checked every 10 seconds.